 Dungeon Crawl Stone Soup version 0.31-a0-986-g5e6e4ef867 (webtiles) character file.

Game seed: 3554467070181643879

123 Naiya55 the Trooper (level 5, -3/43 HPs)
             Began as a Formicid Fighter on Nov 3, 2023.
             Slain by Sigmund
             ... wielding a +0 scythe
              (10 damage)
             ... on level 3 of the Dungeon.
             The game lasted 00:04:21 (1828 turns).

Naiya55 the Trooper (Formicid Fighter)              Turns: 1828, Time: 00:04:21

Health: -3/43      AC:  6    Str: 22    XL:     5   Next: 29%
Magic:  5/5        EV:  9    Int:  8    God:
Gold:   113        SH:  5    Dex: 13    Spells: 4/4 levels left

rFire   . . .        a - +0 war axe
rCold   . . .        c - +0 buckler
rNeg    . . .        b - +0 scale mail
rPois   .            (helmet unavailable)
rElec   .            (no cloak)
rCorr   .            (no gloves)
SInv    +            (no boots)
Will    .....        (no amulet) Stlth
                     (no ring)
HPRegen 0.27/turn    (no ring)
MPRegen 0.09/turn

%: no passive effects
@: no status effects
A: permanent stasis, dig shafts and tunnels, antennae 3, four strong arms
a: Dig, Shaft Self


You were on level 3 of the Dungeon.
You visited 1 branch of the dungeon, and saw 3 of its levels.

You collected 143 gold pieces.
You spent 30 gold pieces at shops.

Inventory:

Hand Weapons
 a - a +0 war axe (weapon)
 p - a +2 orcbow of freezing
Armour
 b - a +0 scale mail (worn)
 c - a +0 buckler (worn)
Scrolls
 e - a scroll of teleportation {unknown}
 f - 4 scrolls of identify {unknown}
 i - a scroll of amnesia {unknown}
 k - 2 scrolls of enchant weapon {unknown}
 l - 2 scrolls of poison {unknown}
Potions
 d - a potion of might
 g - a potion of berserk rage {unknown}
 h - 2 potions of curing
 j - a potion of ambrosia {unknown}
 m - a potion of degeneration {unknown}
 n - 2 potions of enlightenment {unknown}
 o - a potion of brilliance {unknown}


   Skills:
 + Level 4.4 Fighting
 * Level 4.3 Axes
 - Level 3.2 Armour
 - Level 4.0 Shields


You had 4 spell levels left.
You didn't know any spells.
Your spell library contained the following spells:

 Spells                   Type           Power      Damage    Failure   Level
 Poisonous Vapours        Pois/Air       0%         N/A       91%         2
 Mephitic Cloud           Conj/Pois/Air  0%         N/A       99%         3
 Freezing Cloud           Conj/Ice/Air   0%         6-21      100%        5


Dungeon Overview and Level Annotations

Branches:
Dungeon (3/15)

Altars:

Shops:
D:1 :![

Annotations:
D:3 Sigmund


Innate Abilities, Weirdness & Mutations

You cannot be hasted, slowed, berserked, paralysed or teleported.
You can dig through walls and to a lower floor.
You have a pair of large antennae on your head. (SInv)
Your four strong arms can wield two-handed weapons with a shield.


Message History

You slash Sigmund!
Sigmund is severely wounded.
Sigmund barely misses you.
Found a yellow potion.
You're too confused to move!
Sigmund hits you but does no damage.
You feel less confused. Sigmund hits you with a +0 scythe.
You hit Sigmund but do no damage.
Sigmund is severely wounded.
Sigmund giggles. "Time to reap what you sow."
Sigmund barely misses you.
You closely miss Sigmund.
Sigmund is severely wounded.
Sigmund gestures at you while chanting. The puff of flame hits you.
You barely miss Sigmund.
Sigmund is severely wounded.
Sigmund hits you with a +0 scythe.
You hit Sigmund but do no damage.
Sigmund is severely wounded.
Sigmund gestures at you while chanting. The magic dart hits you.
You closely miss Sigmund.
Sigmund is severely wounded.
Sigmund closely misses you.
You closely miss Sigmund.
Sigmund is severely wounded.
Sigmund hits you with a +0 scythe.
You hit Sigmund.
Sigmund is severely wounded.
Sigmund hits you with a +0 scythe!
* * * LOW HITPOINT WARNING * * *
You hit Sigmund.
Sigmund is almost dead.
You block Sigmund's attack.
You closely miss Sigmund.
Sigmund is almost dead.
Sigmund hits you with a +0 scythe!
You die...
Sigmund begins carving another notch in his scythe.

.# #......>.........
.# #................
.# #................
## #................
# #.........#######
###### #.....#..##
†....# #.......####
.....# #..........#
.....# #......@@..#
.....# #...........#
.....# #......."...#
.....# #...........#
.......#...........#
######.!....########
.#.... ...#.
......... .
..........


You could see Sigmund.

Vanquished Creatures
  A gnoll (D:1)
  3 adders
  2 worms
  2 dart slugs (D:2)
  3 orcs (D:3)
  9 bats
  7 endoplasms
  3 giant cockroaches
  7 goblins
  7 hobgoblins
  4 jackals (D:2)
  4 quokkas
  2 ball pythons
  2 frilled lizards
  7 kobolds
  8 rats
71 creatures vanquished.

Notes
Turn   | Place    | Note
-------+----------+-------------------------------------------
     0 | D:1      | Naiya55 the Formicid Fighter began the quest for the Orb.
     0 | D:1      | Reached XP level 1. HP: 18/18 MP: 1/1
   124 | D:1      | Reached XP level 2. HP: 24/24 MP: 2/2
   217 | D:1      | Found Vemiwn's Antique Armour Shop.
   418 | D:1      | Found Seuffol's Distillery.
   422 | D:1      | Bought a potion of curing for 30 gold pieces
   517 | D:1      | Found Dimarule's Book Shoppe.
   550 | D:1      | Reached XP level 3. HP: 30/30 MP: 3/3
  1015 | D:2      | Reached XP level 4. HP: 37/37 MP: 4/4
  1135 | D:2      | Found a faded altar of an unknown god.
  1591 | D:3      | Reached XP level 5. HP: 38/42 MP: 5/5
  1804 | D:3      | Noticed Sigmund
  1828 | D:3      | Slain by Sigmund

Illustrated notes

Levels and vault maps discovered:
D:1:      giann_wishing_wells, layout_basic, serial_forest,
          infiniplex_forest_lined_3, infiniplex_forest_clump_tiny,
          infiniplex_forest_clump_small, infiniplex_forest_clump_long,
          infiniplex_forest_clump_tiny, infiniplex_forest_lined_corner,
          infiniplex_forest_clump_long, infiniplex_forest_clump_tiny,
          infiniplex_forest_zigzag_1, serial_shops,
          nicolae_shop_back_alley_shop, shop, nicolae_shop_just_a_little_nook
D:2:      layout_basic, ebering_ecumenical_altar_sacrificial
D:3:      layout_rooms, minmay_checkerbox, uniq_sigmund

Skill      XL: |  1  2  3  4 |
---------------+-------------+-----
Axes           | 3 4 |  4.3
Fighting       | 4 |  4.4
Armour         | |  3.2
Shields        | |  4.0

Action                     |  1- 3 |  4- 6 || total
---------------------------+-------+-------++-------
  Melee: War axe           |    88 |   104 ||   192
 Armour: Scale mail        |    63 |    77 ||   140
  Dodge: Dodged            |    49 |    44 ||    93
  Block: Buckler           |    16 |    27 ||    43

Table legend: (Time is in decaauts)
 A = Elapsed time spent in this place.
 B = Non-inter-level travel time spent in this place.
 C = Inter-level travel time spent in this place.
 D = Time resting spent in this place.
 E = Time spent auto-exploring this place.
 F = Levels seen in this place.
 G = Mean time per level.
                   A        B        C        D        E       F      G
               +--------+--------+--------+--------+--------+-----+--------+
         Total |   1893 |   1816 |     77 |      0 |   1315 |   3 |  631.0 |
       Dungeon |   1893 |   1816 |     77 |      0 |   1315 |   3 |  631.0 |
               +--------+--------+--------+--------+--------+-----+--------+

Top non-repeatable levels by time:
     D:1: 852 daAuts
     D:2: 740 daAuts
     D:3: 300 daAuts
